 Dungeon Crawl Stone Soup version 0.18-a0-1372-gd644665 (webtiles) character file.

127600 Ratboiler the Basher (level 17, -5/125 HPs)
             Began as a Halfling Wanderer on Feb 21, 2016.
             Was the Champion of Ru.
             Slain by a guardian serpent (8 damage)
             ... on level 4 of the Snake Pit.
             The game lasted 02:16:17 (33696 turns).

Ratboiler the Basher (Halfling Wanderer)           Turns: 33696, Time: 02:16:18

Health: -5/125     AC: 29    Str: 18    XL:     17   Next: 56%
Magic:  14/17      EV: 15    Int:  9    God:    Ru [******]
Gold:   2093       SH:  8    Dex: 22    Spells: 1 memorised, 15 levels left

rFire  . . .     SeeInvis +     a - +2 whip (elec)
rCold  . . .     Gourm    .     O - +0 storm dragon armour
rNeg   + . .     Faith    .     c - +0 buckler
rPois  +         Spirit   .     B - +0 helmet of the Equinox {rPois rN+ Str+3 Dex+2} (curse)
rElec  +         Dismiss  .     F - +1 cloak
rCorr  .         Reflect  .     j - +0 pair of gloves
SustAt .         Harm     .     W - +0 pair of boots
MR     +....                    N - amulet of regeneration
Stlth  ..........               C - +6 ring of protection
                                y - ring of see invisible

@: lethally poisoned (-5 -> -8), exhausted, no potions, no scrolls, slowed,
constricted, drained, very slow, somewhat resistant to hostile enchantments,
extremely unstealthy
A: mutation resistance 1, inability to drink while threatened, inability to read
while threatened, hated by all, no air magic, no charms magic, no hexes magic,
reduced EV 1, inexperienced 1
a: Draw Out Power, Power Leap, Apocalypse, Renounce Religion


You were on level 4 of the Snake Pit.
You worshipped Ru.
Ru was exalted by your worship.
You were not hungry.

You visited 4 branches of the dungeon, and saw 28 of its levels.

You collected 2601 gold pieces.
You spent 508 gold pieces at shops.

Inventory:

Hand Weapons
 a - a +2 whip of electrocution (weapon)
 b - a +0 blowgun
Missiles
 k - 671 stones
 q - 76 poisoned needles
 J - 3 poisoned tomahawks (quivered)
 S - a throwing net
Armour
 c - a +0 buckler (worn)
 j - a +0 pair of gloves (worn)
 B - the cursed +0 helmet of the Equinox (worn) {rPois rN+ Str+3 Dex+2}
   (You bought it in a shop on level 14 of the Dungeon)

   It affects your strength (+3).
   It affects your dexterity (+2).
   It protects you from poison.
   It protects you from negative energy.
   It has a curse placed upon it.
 D - a +2 hat of see invisible
 F - a +1 cloak (worn)
 O - a +0 storm dragon armour (worn)
 W - a +0 pair of boots (worn)
Jewellery
 y - a ring of see invisible (left hand)
 C - a +6 ring of protection (right hand)
 N - an amulet of regeneration (around neck)
 X - an uncursed ring of protection from fire
 Y - an uncursed ring of flight
Wands
 A - a wand of slowing (34/48)
Scrolls
 e - a scroll of recharging
 g - 4 scrolls of teleportation
 i - 3 scrolls of blinking
 o - 6 scrolls of remove curse
 p - a scroll of enchant armour
 u - a scroll of silence
 v - 7 scrolls of identify
 x - 2 scrolls of magic mapping
 z - 9 scrolls of fog
 E - 4 scrolls of fear
Potions
 d - 5 potions of flight
 h - 5 potions of curing
 m - 2 potions of cancellation
 n - 3 potions of lignification
 r - 3 potions of ambrosia
 s - 3 potions of resistance
 w - 2 potions of heal wounds
 L - 4 potions of might
 M - 4 potions of magic
 P - a potion of brilliance
 U - 2 potions of agility
 Z - a potion of haste
Comestibles
 f - 15 bread rations
 l - a meat ration
 t - 2 chunks of flesh


   Skills:
 + Level 14.1(13.9) Fighting
 - Level 14.6(14.4) Maces & Flails
 + Level 13.6(13.4) Armour
 + Level 13.7(13.5) Dodging
 - Level 3.2(3.1) Stealth
 - Level 7.6(7.4) Shields
 - Level 1.0(0.8) Evocations


You had 15 spell levels left.
You knew the following spells:

 Your Spells              Type           Power        Failure   Level  Hunger
a - Apportation           Tloc           #.........   100%        1    ##.....


Dungeon Overview and Level Annotations

Branches:
Dungeon (15/15)            Temple (0/1) D:5            Lair (8/8) D:9
 Shoals (0/4) Lair:3        Snake (4/4) Lair:6        Slime (0/6) Lair:8
    Orc (1/2) D:11         Vaults (0/5) D:13         Depths (0/5) D:15

Altars:
Ashenzari
Cheibriados
Elyvilon
Fedhas
Kikubaaqudgha
Makhleb
Okawaru
Qazlal
Ru
Trog
Vehumet
Yredelemnul
Zin

Shops:
D:10 *   D:11 (   D:12 %   D:13 [   D:14 ((??[

Portals:
Hell: Lair:8

Annotations:
D:2 exclusion: downstairs
D:3 Grinder
D:11 exclusion: upstairs
D:12 Kirke
Lair:1 exclusion: hydra
Lair:2 exclusion: 2 oklob plants
Lair:3 exclusion: upstairs
Orc:1 exclusion: upstairs, Erolcha


Innate Abilities, Weirdness & Mutations

You are small and have problems with some larger weapons.
You are somewhat resistant to further mutation.
You cannot drink potions while threatened.
You cannot read scrolls while threatened.
You are hated by all.
You cannot study or cast Air magic.
You cannot study or cast Charms magic.
You cannot study or cast Hexes magic.
You have somewhat slow reflexes. (EV -3)
You are somewhat inexperienced (-2 XL).


Message History

The guardian serpent blinks!
You block the guardian serpent's attack.
The greater naga casts a spell at you. The bolt of poison misses you.
The greater naga hits you but does no damage.
The greater naga grabs you. The greater naga constricts you.
The naga sharpshooter shoots a bolt.
You block the bolt. The guardian serpent hits you!
* * * LOW HITPOINT WARNING * * *
You focus your will and illuminate the guardian serpent in retribution!
The greater naga hits you but does no damage.
The guardian serpent closely misses you.
You cannot drink potions in your current state!
Your attempt to break free from the greater naga fails, but you feel that another attempt might succeed.
You feel sick.
The greater naga gestures at you while chanting.
You resist with significant effort.
* * * LOW HITPOINT WARNING * * *
The greater naga constricts you. The guardian serpent hits you!
You die...

....#.........(#.##.##.#####(..#.
...##..........#....§......#(..#'
...'...........#.[...(S)...#)....
####..........(#######N#####.....
..................(.(#)#.........
...............<)..(.............
..............(..§..............†
..########......SN.)....(........
..#.#.##.##.....@N.[....####.....
..#.......##....NS......#..#.....
./#........'.......[....#.##....#
..#.......##............#.'....##
..#.......#.............###...##.
..#.......#...................#..
..##.######...................'..
...###...................)N...'..
.............#####.....)##....#..


You could see 2 greater nagas, a naga sharpshooter and 2 guardian serpents.

Vanquished Creatures
  Rupert (Lair:5)
  Gastronok (D:10)
  A greater naga (Snake:4)
  Josephine (D:13)
  2 fire dragons (D:15)
  Erica (D:9)
  5 hydras
  9 anacondas
  6 naga warriors
  A catoblepas (Lair:7)
  3 centaur warriors
  A death yak (Lair:8)
  The ghost of Gorice the Thaumaturge, a journeyman DEWn of Kikubaaqudgha (D:11)
  A tengu warrior (D:13)
  10 shock serpents
  3 naga sharpshooters
  A sun demon (Lair:8)
  The ghost of Vojta the Covert, a novice DEAs of Vehumet (D:11)
  A fire crab (Lair:6)
  3 unseen horrors
  A salamander mystic (Snake:4)
  2 skeletal warriors (D:13)
  6 naga ritualists
  5 hill giants
  An orc knight (D:13)
  A wizard (Lair:8)
  3 griffons
  A deep elf mage (D:15)
  A manticore (D:15)
  A hornet (shapeshifter) (D:15)
  8 mana vipers
  5 salamanders
  A cyclops (D:15)
  An ugly thing (D:11)
  A wolf spider zombie (D:14)
  A sixfirhy (Lair:8)
  20 elephants
  41 black mambas
  4 guardian serpents
  13 naga magi
  The ghost of WarriorsX the Covered, a novice HuFi (D:5)
  A gargoyle (D:12)
  17 spiny frogs
  A torpor snail (Lair:4)
  A centaur skeleton (D:13)
  6 ice devils (Lair:8)
  A yaktaur (D:15)
  A hellwing (Lair:8)
  5 fire drakes
  10 komodo dragons
  2 red devils (Lair:8)
  5 trolls
  2 polar bears
  A boulder beetle (Lair:6)
  2 two-headed ogres
  5 slime creatures (D:11)
  12 blink frogs
  A wyvern (D:12)
  49 yaks
  A spriggan (Lair:3)
  4 shadows
  4 wraiths
  16 humans (D:13)
  10 basilisks
  7 hogs (D:13)
  A hungry ghost (D:15)
  11 hippogriffs
  8 vampire mosquitoes
  6 wolves (Lair:3)
  A mottled dragon (D:15)
  34 nagas
  A hell hound (Lair:8)
  Duvessa (D:7)
  14 water moccasins
  2 sky beasts
  9 porcupines
  14 orc warriors
  2 eyes of draining
  2 black bears
  A wasp (D:10)
  5 ice beasts
  4 phantoms
  6 ogres
  28 centaurs
  15 crocodiles
  2 big kobolds
  Blork the orc (D:6)
  13 giant frogs
  Dowan (D:7)
  2 wyvern skeletons
  2 scorpions
  4 wights (D:13)
  An electric eel (Lair:1)
  6 crimson imps
  3 giant frog zombies
  3 giant frog skeletons
  3 quasits
  3 centaur zombies
  6 jellies
  3 hounds
  9 orc wizards
  9 orc priests
  4 iguanas
  14 hell rats
  10 worker ants
  Ijyb (D:2)
  Terence (D:2)
  10 sheep
  A hound zombie (D:11)
  2 worker ant zombies
  Robin (D:3)
  9 gnolls
  8 adders
  66 river rats
  4 oozes (Lair:8)
  3 adder zombies
  3 adder skeletons
  5 giant geckos
  46 orcs
  6 giant cockroaches
  15 goblins
  14 hobgoblins
  11 jackals
  15 kobolds
  2 quokkas
  A ball python (D:5)
  8 bats
  4 giant newts
  A jackal zombie (D:5)
  2 quokka skeletons
  11 rats
  A bush (Lair:6)
  2 fungi (Lair:8)
  10 plants (Lair:8)
862 creatures vanquished.

Vanquished Creatures (others)
  A hydra (Lair:8)
  An anaconda (Snake:3)
  A naga sharpshooter (Snake:1)
  A griffon (D:14)
  A black mamba (Snake:1)
  A gargoyle (D:14)
  2 trolls
  A two-headed ogre (D:15)
  A naga (Snake:4)
  A crocodile (Lair:1)
  An adder (D:11)
  An orc (D:13)
  21 fungi
  47 plants
81 creatures vanquished.

Grand Total: 943 creatures vanquished

Notes
Turn   | Place    | Note
--------------------------------------------------------------
     0 | D:1      | Ratboiler the Halfling Wanderer began the quest for the Orb.
     0 | D:1      | Ratboiler set off with: a +2 scale mail, a potion of lignification, a +0 buckler, a +0 club, a +0 dagger, a bread ration
     0 | D:1      | Reached XP level 1. HP: 15/15 MP: 1/1
   135 | D:1      | Reached XP level 2. HP: 20/20 MP: 2/2
   693 | D:1      | Reached XP level 3. HP: 24/26 MP: 3/3
  1463 | D:2      | Found a sacrificial altar of Ru.
  1688 | D:2      | Reached XP level 4. HP: 25/31 MP: 4/4
  1889 | D:2      | Found a white marble altar of Elyvilon.
  1890 | D:2      | Found a glowing silver altar of Zin.
  1890 | D:2      | Found a snail-covered altar of Cheibriados.
  2171 | D:2      | Noticed Ijyb
  2208 | D:2      | Killed Ijyb
  2418 | D:2      | Became a worshipper of Ru the Awakened
  2532 | D:3      | Noticed Terence
  2575 | D:2      | Killed Terence
  2575 | D:2      | Reached XP level 5. HP: 37/37 MP: 5/5
  2651 | D:3      | Reached skill level 4 in Fighting
  3067 | D:3      | Noticed Robin
  3178 | D:3      | Noticed Grinder
  3315 | D:3      | Killed Robin
  3315 | D:3      | Reached skill level 1 in Maces & Flails
  3420 | D:4      | Reached XP level 6. HP: 34/43 MP: 6/6
  4029 | D:4      | Gained mutation: You cannot read scrolls while threatened. [Ru sacrifice]
  4029 | D:4      | Reached * piety under Ru
  4357 | D:4      | Found a blossoming altar of Fedhas.
  4359 | D:4      | Found a radiant altar of Vehumet.
  4617 | D:4      | Found an iron altar of Okawaru.
  4618 | D:4      | Found an ancient bone altar of Kikubaaqudgha.
  4622 | D:4      | Found a stormy altar of Qazlal.
  4665 | D:5      | Entered Level 5 of the Dungeon
  4685 | D:5      | Noticed WarriorsX's ghost (novice HuFi)
  4712 | D:5      | Killed WarriorsX's ghost
  4712 | D:5      | Reached skill level 5 in Fighting
  4712 | D:5      | Reached XP level 7. HP: 46/50 MP: 7/7
  4925 | D:5      | Found a staircase to the Ecumenical Temple.
  4974 | D:4      | Reached XP level 8. HP: 30/55 MP: 8/8
  5633 | D:6      | Reached skill level 5 in Maces & Flails
  5871 | D:6      | Noticed Blork the orc
  5887 | D:6      | Killed Blork the orc
  6074 | D:7      | Reached skill level 6 in Fighting
  6288 | D:7      | Noticed Dowan
  6290 | D:7      | Noticed Duvessa
  6338 | D:7      | Killed Duvessa
  6354 | D:7      | Killed Dowan
  6358 | D:7      | Gained mutation: You are somewhat inexperienced (-2 XL). [Ru sacrifice]
  6358 | D:7      | Reached XP level 7. HP: 49/52 MP: 7/7
  6358 | D:7      | Reached XP level 6. HP: 46/46 MP: 6/6
  6358 | D:7      | Reached ** piety under Ru
  6463 | D:7      | Noticed a hungry ghost
  6567 | D:7      | Reached XP level 7. HP: 46/52 MP: 7/7
  7896 | D:8      | Reached XP level 8. HP: 58/58 MP: 8/8
  7991 | D:8      | Got a scorched long sword
  7992 | D:8      | Identified the cursed +3 long sword of Judgement {slice, Str+6 Int-5} (You found it on level 8 of the Dungeon)
  8003 | D:8      | Found a basalt altar of Yredelemnul.
  8239 | D:8      | Reached skill level 7 in Maces & Flails
  8512 | D:9      | Noticed Erica
  8546 | D:9      | Noticed a troll
  8986 | D:8      | Reached XP level 9. HP: 56/64 MP: 9/9
  9091 | D:9      | Killed a troll
  9091 | D:9      | Reached skill level 8 in Maces & Flails
  9144 | D:8      | Gained mutation: You are hated by all. [Ru sacrifice]
  9144 | D:8      | Reached *** piety under Ru
  9367 | D:9      | Found a staircase to the Lair.
  9414 | D:9      | Noticed a troll
  9483 | D:10     | Entered Level 10 of the Dungeon
  9515 | D:10     | Found Couc's Assorted Antiques.
  9527 | D:10     | Bought a scroll of identify for 54 gold pieces
  9679 | D:10     | Noticed an unseen horror
  9682 | D:10     | Killed an unseen horror
  9682 | D:10     | Reached skill level 9 in Maces & Flails
  9682 | D:10     | Reached XP level 10. HP: 63/72 MP: 10/10
  9793 | D:10     | Noticed Gastronok
 10160 | D:10     | Bought a scroll labeled CIFAJUABEOM for 27 gold pieces
 10209 | D:10     | Noticed a hill giant
 10692 | Lair:1   | Entered Level 1 of the Lair of Beasts
 10862 | Lair:1   | Noticed a black mamba
 10882 | Lair:1   | Killed a black mamba
 10882 | Lair:1   | Reached skill level 1 in Dodging
 10968 | Lair:1   | Noticed a spiny frog
 11094 | D:11     | Noticed a purple ugly thing
 11257 | D:11     | Noticed an unseen horror
 11258 | D:11     | Noticed Vojta's ghost (novice DEAs)
 11273 | D:11     | Reached skill level 10 in Maces & Flails
 11294 | D:11     | Killed an unseen horror
 11318 | D:11     | Noticed Gorice's ghost (journeyman DEWn)
 11368 | D:11     | Found a staircase to the Orcish Mines.
 11377 | Orc:1    | Entered Level 1 of the Orcish Mines
 11388 | Orc:1    | Noticed Erolcha
 11413 | Orc:1    | Gained mutation: You cannot study or cast Air magic. [Ru sacrifice]
 11413 | Orc:1    | Gained mutation: You cannot study or cast Hexes magic. [Ru sacrifice]
 11413 | Orc:1    | Gained mutation: You cannot study or cast Charms magic. [Ru sacrifice]
 11413 | Orc:1    | Reached **** piety under Ru
 11413 | Orc:1    | Reached ***** piety under Ru
 11502 | D:11     | Noticed a red ugly thing
 11502 | D:11     | Noticed a cyclops
 11580 | D:11     | Reached XP level 11. HP: 80/80 MP: 11/11
 11677 | D:11     | Found Deesmuwu's Weapon Emporium.
 11695 | D:10     | Noticed a hill giant
 11734 | D:10     | Killed a hill giant
 11901 | Lair:1   | Noticed an eight-headed hydra
 11915 | Lair:1   | Noticed a five-headed hydra
 12099 | Lair:2   | Found a bloodstained altar of Trog.
 12701 | Lair:1   | Reached skill level 5 in Armour
 12943 | Lair:2   | Noticed an oklob plant
 12943 | Lair:2   | Noticed an oklob plant
 13037 | Lair:2   | Reached skill level 11 in Maces & Flails
 13406 | Lair:3   | Found a staircase to the Shoals.
 13423 | Lair:3   | Reached skill level 5 in Dodging
 13892 | Lair:3   | Reached XP level 12. HP: 65/87 MP: 12/12
 14114 | Lair:3   | Reached skill level 10 in Fighting
 15434 | Lair:4   | Noticed a five-headed hydra
 15673 | Lair:5   | Reached skill level 12 in Maces & Flails
 15707 | Lair:5   | Noticed Rupert
 15735 | Lair:5   | Killed Rupert
 15735 | Lair:5   | Reached XP level 13. HP: 91/93 MP: 8/13
 15962 | Lair:5   | Noticed an eight-headed hydra
 16250 | Lair:6   | Noticed a six-headed hydra
 16862 | Lair:6   | Found a staircase to the Snake Pit.
 16955 | Lair:6   | Gained mutation: You have somewhat slow reflexes. (EV -3) [Ru sacrifice]
 17794 | Lair:7   | Noticed a catoblepas
 17898 | Lair:7   | Reached skill level 13 in Maces & Flails
 18116 | Lair:7   | Reached XP level 14. HP: 58/101 MP: 14/14
 18629 | Lair:8   | Entered Level 8 of the Lair of Beasts
 18668 | Lair:8   | Learned a level 1 spell: Apportation
 18680 | Lair:8   | Gained mutation: You cannot drink potions while threatened. [Ru sacrifice]
 18680 | Lair:8   | Reached ****** piety under Ru
 19805 | Lair:8   | Found a burning altar of Makhleb.
 19955 | Lair:8   | Reached skill level 10 in Dodging
 20271 | Lair:8   | Reached skill level 10 in Armour
 20379 | Lair:8   | Found a staircase to the Slime Pits.
 20495 | Lair:8   | Found a gateway to Hell.
 21703 | Lair:1   | Reached skill level 14 in Maces & Flails
 21854 | D:9      | Killed Erica
 21854 | D:9      | Reached XP level 15. HP: 108/108 MP: 15/15
 22147 | D:10     | Killed Gastronok
 22579 | D:11     | Killed Vojta's ghost
 22588 | D:11     | Killed Gorice's ghost
 23701 | D:12     | Found Rauxt's Food Boutique.
 23971 | D:13     | Found a gate to the Vaults.
 24273 | D:13     | Noticed Kirke
 24943 | D:13     | Found a sacrificial altar of Ru.
 25040 | D:13     | Found Vepritso's Armour Emporium.
 25108 | D:14     | Found Tuta's Antique Weapon Emporium.
 25319 | D:14     | Noticed Josephine
 25353 | D:13     | Killed Josephine
 25510 | D:14     | Found Ujyr's Magic Scroll Boutique.
 25528 | D:14     | Bought a scroll of blinking for 90 gold pieces
 25540 | D:14     | Found Cek Hizoerre's Antique Armour Shop.
 25547 | D:14     | Bought a slimy helmet for 180 gold pieces
 25547 | D:14     | Bought an embroidered cloak for 85 gold pieces
 25568 | D:14     | Bought a scroll of identify for 24 gold pieces
 25568 | D:14     | Bought a scroll of identify for 24 gold pieces
 25568 | D:14     | Bought a scroll of identify for 24 gold pieces
 25583 | D:14     | Identified the cursed +0 helmet of the Equinox {rPois rN+ Str+3 Dex+2} (You bought it in a shop on level 14 of the Dungeon)
 26056 | D:14     | Found Beneh's Weapon Emporium.
 26398 | D:14     | Found Qucoku's Magic Scroll Emporium.
 26633 | D:15     | Entered Level 15 of the Dungeon
 26877 | D:15     | Found a shattered altar of Ashenzari.
 26937 | D:15     | Reached XP level 16. HP: 116/116 MP: 16/16
 27411 | D:15     | Found a staircase to the Depths.
 28238 | Snake:1  | Entered Level 1 of the Snake Pit
 28947 | Snake:1  | Reached skill level 5 in Shields
 29349 | Snake:2  | Noticed a greater naga
 30614 | Snake:4  | Entered Level 4 of the Snake Pit
 31388 | Snake:3  | Reached XP level 17. HP: 79/123 MP: 17/17
 31602 | Snake:4  | Found a shattered altar of Ashenzari.
 32524 | Snake:4  | Got a bloodstained chain mail
 32538 | Snake:4  | Identified the +2 chain mail of Unnoful {Str-3 Dex+7} (You found it on level 4 of the Snake Pit)
 33696 | Snake:4  | HP: 3/125 [greater naga/flail (5)]
 33696 | Snake:4  | Slain by a guardian serpent

Vault maps used:
D:1:      erik_arrival_cave_to_civilisation
D:2:      nicolae_overflow_hidden_temple, nicolae_ru_awakened_eye, uniq_iyjb
D:3:      first_bread, uniq_robin, uniq_grinder, uniq_terence
D:4:      minitemple
D:5:      minmay_temple_entry_grid
D:6:      uniq_blork_the_orc
D:7:      uniq_duvessa, uniq_joseph
D:8:      basic_altar
D:9:      lair_0_dummy, grunt_ogre_cave, uniq_erica
D:10:     serial_shops, shop, corexii_checkpoint_a, uniq_gastronok
D:11:     david_orc_4, serial_shops, kennysheep_mini
D:12:     serial_shops, kennysheep_little_box, hangedman_decor_peaks_small
D:13:     david_vaults_3, serial_shops, shop_fountains, lemuel_tele_altar,
          uniq_kirke
D:14:     serial_column_ruins, column_ruins_hut_pillars, column_ruins_hut,
          column_ruins_open_small, column_ruins_open_tiny, column_ruins_grid_1,
          column_ruins_columns_corner, column_ruins_open_small,
          minmay_misc_feat_diagonals, serial_shops,
          nicolae_shop_temple_entry_statues_fountains, shop, shop_fountains,
          shop, shop, uniq_josephine
D:15:     grunt_enter_depths_hoard, ashenzari_altar_1
Lair:1:   minmay_holes, grunt_forest_small_clearing_treed,
          infiniplex_staircase_pool
Lair:2:   dpeg_oklob_gauntlet, basic_altar
Lair:3:   minmay_shoals_entry_centaurs, serial_bayou_pond_c,
          grunt_forest_stairs_clearing
Lair:4:   grunt_megastairs_1
Lair:5:   uniq_rupert
Lair:6:   dummy_snake_entry
Lair:7:   grunt_megastairs_5
Lair:8:   evil_forest, nicolae_slime_entry_slimehenge
Snake:2:  serial_shops, shop_statue, hangedman_snake_sidewinding
Snake:4:  johnstein_snake_rune_scales, basic_altar
Orc:1:    uniq_erolcha

Action                   |  1- 3 |  4- 6 |  7- 9 | 10-12 | 13-15 | 16-18 || total
-------------------------+-------+-------+-------+-------+-------+-------++-------
Melee: Club              |   231 |    71 |       |       |       |       ||   302
       Whip              |       |   194 |   399 |   875 |  2088 |  1235 ||  4791
       Unarmed           |       |       |       |       |    30 |       ||    30
Throw: Stone             |       |     7 |     1 |       |       |       ||     8
       Tomahawk          |       |       |    11 |    15 |     1 |     2 ||    29
Invok: Sacrifice Words   |       |     1 |       |       |       |       ||     1
       Sacrifice Experie |       |     1 |       |       |       |       ||     1
       Sacrifice Love    |       |       |     1 |       |       |       ||     1
       Draw Out Power    |       |       |       |     4 |       |       ||     4
       Sacrifice Arcana  |       |       |       |     1 |       |       ||     1
       Power Leap        |       |       |       |    15 |    35 |    26 ||    76
       Apocalypse        |       |       |       |     1 |     2 |     1 ||     4
       Reject Sacrifices |       |       |       |     1 |       |       ||     1
       Sacrifice Health  |       |       |       |       |     1 |       ||     1
       Sacrifice Drink   |       |       |       |       |     1 |       ||     1
Evoke: Wand              |       |     2 |     7 |     4 |     2 |       ||    15
       Lamp of fire      |       |       |       |       |     1 |       ||     1
  Use: Scroll            |       |     5 |    13 |    12 |    11 |     4 ||    45
       Potion            |       |       |       |     3 |     2 |     1 ||     6
 Stab: Sleeping          |     2 |     1 |     2 |       |       |       ||     5
       Invisible         |       |       |     3 |     6 |    35 |    47 ||    91
       Distracted        |       |       |     1 |     3 |    11 |     7 ||    22
       Paralysed         |       |       |       |     4 |    12 |     3 ||    19
       Petrifying        |       |       |       |       |     1 |       ||     1
  Eat: Chunk             |     3 |     3 |     4 |     5 |     7 |     6 ||    28
       Beef jerky        |       |     2 |       |     6 |     1 |       ||     9
       Meat ration       |       |     1 |     2 |     1 |     5 |     3 ||    12
       Bread ration      |       |       |     1 |       |       |       ||     1
       Fruit             |       |       |       |     1 |     2 |     1 ||     4
       Royal jelly       |       |       |       |       |     1 |       ||     1
       Pizza             |       |       |       |       |     1 |     2 ||     3
